 Dungeon Crawl Stone Soup version 0.22.0-38-g04b72b8 (webtiles) character file.

40506 Inarius the Slicer (level 13, -9/92 HPs)
             Began as a Demonspawn Gladiator on Aug 30, 2018.
             Was a High Priest of Hepliaklqana.
             Hit by a large rock thrown by a stone giant (33 damage)
             ... in a volcano.
             The game lasted 01:04:51 (25191 turns).

Inarius the Slicer (Demonspawn Gladiator)          Turns: 25191, Time: 01:04:51

Health: -9/92      AC: 18    Str: 20    XL:     13   Next: 75%
Magic:  21/21      EV: 12    Int: 10    God:    Hepliaklqana [*****.]
Gold:   335        SH: 11    Dex: 14    Spells: 12/12 levels left

rFire    + + +     SeeInvis +   O - +3 rapier of Eternal Vigilance {freeze, *Noise rF+ Stlth+}
rCold    . . .     Gourm    .   y - +0 shield
rNeg     . . .     Faith    .   B - +2 chain mail {rF+}
rPois    .         Spirit   .   a - +2 hat
rElec    .         Reflect  .   (no cloak)
rCorr    .         Harm     .   d - +0 pair of gloves
MR       +....                  i - +0 pair of boots
Stlth    +.........             (no amulet)
HPRegen  0.25/turn              w - ring of protection from magic
MPRegen  0.17/turn              F - ring of see invisible

@: no status effects
A: reduced essence, talons 1, repulsion field 2, fire resistance 1, nightstalker
1, flame cloud immunity
a: Recall Ancestor, Ancestor Identity, Transference, Idealise, Renounce Religion


You were in a volcano.
You worshipped Hepliaklqana.
Hepliaklqana was extremely pleased with you.
You were hungry.

You visited 3 branches of the dungeon, and saw 16 of its levels.
You also visited: Labyrinth, Sewer and Volcano.

You collected 1003 gold pieces.
You spent 668 gold pieces at shops.

Inventory:

Hand Weapons
 A - the +2 demon blade of Zefur {flame, rF++ rC+}
   (You acquired it in a volcano)

   It has been specially enchanted to burn those struck by it, causing extra
   injury to most foes and up to half again as much damage against particularly
   susceptible opponents.
   Big, fiery blades are also staple armaments of hydra-hunters.
   It greatly protects you from fire.
   It protects you from cold.
 O - the +3 rapier of Eternal Vigilance (weapon) {freeze, *Noise rF+ Stlth+}
   (You acquired it on level 9 of the Dungeon)

   It has been specially enchanted to freeze those struck by it, causing extra
   injury to most foes and up to half again as much damage against particularly
   susceptible opponents.
   It can also slow down cold-blooded creatures.
   It protects you from fire.
   It may make noises in combat.
   It makes you more stealthy.
Missiles
 S - a throwing net (quivered)
Armour
 a - a +2 hat (worn)
 d - a +0 pair of gloves (worn)
 i - a +0 pair of boots (worn)
 j - a +0 large shield
 y - a +0 shield (worn)
 B - a +2 chain mail of fire resistance (worn)
 P - a +2 crystal plate armour
Jewellery
 e - an uncursed ring of protection from cold
 w - a ring of protection from magic (left hand)
 F - a ring of see invisible (right hand)
Wands
 z - a wand of random effects (24)
 G - a wand of flame (29)
 H - a wand of iceblast (6)
 I - a wand of acid (4)
 J - a wand of polymorph (24)
 Q - a wand of clouds (8)
Scrolls
 b - a scroll of enchant weapon {unknown}
 g - 4 scrolls of amnesia
 h - 8 scrolls of remove curse
 k - 12 scrolls of teleportation
 l - 6 scrolls of fear
 n - 2 scrolls of fog
 q - a scroll of brand weapon
 s - 3 scrolls of immolation
 x - a scroll of enchant armour {unknown}
 R - a scroll of vulnerability {unknown}
 U - a scroll of silence {unknown}
Potions
 c - a potion of invisibility {unknown}
 m - a potion of magic {unknown}
 o - 2 potions of cancellation
 p - a potion of resistance {unknown}
 r - a potion of ambrosia
 t - 9 potions of curing
 u - a potion of agility
 v - 2 potions of mutation
 C - a potion of brilliance
 D - 2 potions of might
 K - a potion of haste
 L - 2 potions of heal wounds
 M - a potion of berserk rage
 N - 2 potions of flight
Comestibles
 f - 44 rations


   Skills:
 * Level 10.0 Fighting
 + Level 11.6(12.0) Short Blades
 + Level 5.1(9.2) Long Blades
 + Level 2.0 Throwing
 + Level 9.2 Armour
 + Level 5.8 Dodging
 - Level 1.0 Stealth
 * Level 8.8 Shields
 * Level 11.1 Invocations
 + Level 2.8 Evocations


You had 12 spell levels left.
You didn't know any spells.
Your spell library contained the following spells:

 Spells                   Type           Power        Failure   Level  Hunger
 Animate Skeleton         Necr           N/A          99%         1    ##.....
 Apportation              Tloc           #.....       99%         1    ##.....
 Confusing Touch          Hex            #.....       99%         1    ##.....
 Corona                   Hex            #......      99%         1    ##.....
 Magic Dart               Conj           #...         99%         1    ##.....
 Pain                     Necr           #...         99%         1    ##.....
 Sandblast                Erth           #.....       99%         1    ##.....
 Summon Small Mammal      Summ           #...         99%         1    ##.....
 Blink                    Tloc           N/A          100%        2    ###....
 Call Imp                 Summ           #.......     100%        2    ###....
 Corpse Rot               Necr           N/A          100%        2    ###....
 Ensorcelled Hibernation  Hex/Ice        #.....       100%        2    ###....
 Passwall                 Tmut/Erth      #.......     100%        2    ###....
 Poisonous Vapours        Pois/Air       #.....       100%        2    ###....
 Slow                     Hex            #.......     100%        2    ###....
 Sublimation of Blood     Necr           #.........   100%        2    ###....
 Swiftness                Chrm/Air       #.......     100%        2    ###....
 Confuse                  Hex            #.......     100%        3    ####...
 Conjure Flame            Conj/Fire      #.......     100%        3    ####...
 Dazzling Spray           Conj/Hex       #.....       100%        3    ####...
 Mephitic Cloud           Conj/Pois/Air  #.......     100%        3    ####...
 Regeneration             Chrm/Necr      #.........   100%        3    ####...
 Stone Arrow              Conj/Erth      #.....       100%        3    ####...
 Tukima's Dance           Hex            #.......     100%        3    ####...
 Vampiric Draining        Necr           #.........   100%        3    ####...
 Animate Dead             Necr           N/A          100%        4    #####..
 Passage of Golubria      Tloc           N/A          100%        4    #####..
 Petrify                  Tmut/Erth      #.......     100%        4    #####..
 Summon Lightning Spire   Summ/Air       #.......     100%        4    #####..
 Agony                    Necr           #.......     100%        5    ######.
 Bolt of Draining         Conj/Necr      #.........   100%        5    ######.
 Dispel Undead            Necr           #.......     100%        5    ######.
 Excruciating Wounds      Chrm/Necr      #.........   100%        5    ######.
 Lee's Rapid Deconstruct  Erth           #.........   100%        5    ######.
 Silence                  Hex/Air        #.........   100%        5    ######.
 Conjure Ball Lightning   Conj/Air       #.........   100%        6    #######
 Darkness                 Hex            #.........   100%        6    #######
 Deflect Missiles         Chrm/Air       #.........   100%        6    #######
 Freezing Cloud           Conj/Ice/Air   #.........   100%        6    #######
 Invisibility             Hex            #.......     100%        6    #######
 Ring of Flames           Chrm/Fire      #.........   100%        7    #######
 Tornado                  Air            #.........   100%        9    #######


Dungeon Overview and Level Annotations

Branches:
Dungeon (13/15)            Temple (1/1) D:5            Lair (2/6) D:10
    Orc (0/2) D:9          Vaults (0/5) D:13
  Swamp: Lair:2-4    Shoals: Lair:2-4     Snake: Lair:2-4    Spider: Lair:2-4

Altars:
Cheibriados
Dithmenos
Elyvilon
Fedhas
Hepliaklqana
Kikubaaqudgha
Nemelex Xobeh
Uskayaw
Wu Jian
Yredelemnul
Zin
The Shining One

Shops:
D:4 *   D:9 !([*!

Portals:
Trove: D:10 (give +5 ice dragon scales)

Annotations:
D:5 2 runed doors
D:9 3 runed doors
Lair:1 2 transporters


Innate Abilities, Weirdness & Mutations

You have sharp toenails.
You are surrounded by a moderate repulsion field. (EV +3)
Your flesh is heat resistant. (rF+)
You are slightly more attuned to the shadows.
You are immune to clouds of flame.
Your life essence is reduced to manifest your ancestor. (-10% HP)


Message History

The stone giant hits you but does no damage.
You hit the efreet but do no damage.
The efreet is lightly wounded.
Kheti casts a spell at the molten gargoyle.
The molten gargoyle resists with almost no effort.
The molten gargoyle hits Kheti with a dire flail of crushing!
Kheti is engulfed in flames.
Kheti resists.
The efreet hits Kheti with a scimitar of flaming!
Kheti is destroyed!
The stone giant throws a large rock.
The large rock hits you!!
You see here a large rock.
In the distance, the volcano erupts with a roar.
The gargoyle hits you with an enchanted flail.
There is an open door here.
The molten gargoyle blasts magma at you!
The bolt of magma hits you! You partially resist.
* * * LOW HITPOINT WARNING * * *
The stone giant throws a large rock.
The large rock hits you!!
You die...

######## ###§..§§.####
.#§≈≈§§§....#### ##+##
..§≈§§≈§≈.....8###.C§#...
§≈≈≈≈≈§≈≈.......@'(9R9.._.
§§≈§≈≈≈≈≈.§...8###9.9#....
≈≈≈≈§≈§§≈≈≈..### ##'## #'#
≈§§≈§§§§≈≈≈..## #... $
§≈§≈≈≈§§≈≈≈≈..## ..⌠..
≈§≈§≈≈≈≈≈≈≈§...###.....8
≈≈≈≈§≈≈≈≈≈≈§§....# ....#
≈≈≈≈§≈§≈§§§≈≈...#
≈≈≈§§§≈≈≈≈≈≈....##


You could see a stone giant, an efreet, a molten gargoyle and 3 gargoyles.

Vanquished Creatures
  A minotaur (Lab)
  Josephine (D:10)
  Erolcha (D:9)
  6 two-headed ogres
  A centaur warrior (D:12)
  A wizard (D:13)
  Pikel (D:7)
  A necromancer (D:13)
  An oklob plant (D:10)
  4 ugly things
  2 cyclopes
  2 black mambas
  4 spiny frogs (Lair:1)
  2 centaur skeletons (D:12)
  4 gargoyles
  A kobold demonologist (D:13)
  A komodo dragon (shapeshifter) (D:13)
  An efreet (D:12)
  A meliai (shapeshifter) (D:13)
  A queen bee (D:13)
  3 meliai
  A merfolk (D:8)
  Prince Ribbit (D:7)
  6 trolls
  8 hippogriffs
  Sigmund (D:2)
  26 yaks
  A vampire (D:9)
  6 wraiths
  A fire elemental (Volcano)
  6 fire bats (Volcano)
  A wyvern (D:9)
  2 hungry ghosts
  The ghost of eyesofgods1 the Insei, an amateur DsFi (D:3)
  2 steam dragons
  3 vampire mosquitoes
  3 wargs (D:9)
  A water moccasin (Lair:1)
  2 hell hounds (Lair:2)
  4 porcupines
  2 slaves (D:7)
  Purgy (Sewer)
  3 ice beasts
  8 orc warriors
  5 sky beasts
  9 black bears
  A necrophage (D:6)
  8 ogres
  3 phantoms
  2 crocodiles
  11 centaurs
  5 big kobolds
  12 bullfrogs
  A wyvern skeleton (D:8)
  A scorpion (D:12)
  23 killer bees
  7 wights
  5 howler monkeys
  13 electric eels
  6 lava snakes (Volcano)
  6 crimson imps
  A quasit (D:9)
  7 orc priests
  A hound (D:11)
  3 jellies
  A bullfrog skeleton (D:6)
  A bullfrog zombie (D:3)
  2 gnoll shamans (D:8)
  10 orc wizards
  Natasha (thrice) (D:3 D:6)
  3 iguanas
  12 worker ants
  4 hound zombies
  Robin (D:3)
  4 gnolls
  A worker ant zombie (D:11)
  A river rat (D:5)
  9 adders
  2 shadow imps
  An ooze (D:5)
  An adder skeleton (D:2)
  3 worms
  A dart slug (D:3)
  5 leopard geckos
  30 orcs
  6 giant cockroaches
  11 goblins
  6 hobgoblins
  13 jackals
  12 kobolds
  5 quokkas
  9 bats
  4 frilled lizards
  3 goblin skeletons (D:6)
  2 hobgoblin zombies (D:6)
  A jackal skeleton (D:8)
  A kobold skeleton (D:6)
  A kobold zombie (D:6)
  An orc zombie (D:6)
  2 quokka skeletons (D:5)
  14 rats (D:1)
  A plant (D:9)
447 creatures vanquished.

Vanquished Creatures (collateral kills)
  A cyclops (D:10)
  Joseph (D:9)
  A centaur skeleton (D:13)
  A troll (D:8)
  A wraith (D:10)
  A yak (D:9)
  2 vampire mosquitoes (D:10)
  A hungry ghost (D:9)
  A water moccasin (D:6)
  A black bear (D:8)
  2 orc warriors
  A sky beast (D:8)
  An ice beast (D:13)
  2 ogres
  A phantom (D:6)
  A big kobold (D:10)
  5 bullfrogs
  4 killer bees
  4 wights
  A howler monkey (D:10)
  2 crimson imps
  A lava snake (Volcano)
  An orc priest (D:6)
  A gnoll shaman (D:6)
  An iguana (D:6)
  4 worker ants
  An orc wizard (D:10)
  4 adders
  8 orcs
  A hobgoblin (D:8)
  2 jackals (D:8)
  2 kobolds
  A kobold zombie (D:6)
  A plant (D:10)
63 creatures vanquished.

Vanquished Creatures (others)
  An iguana (D:10)
  13 hexers
  4 ancestors
  An adder (D:5)
  An adder skeleton (D:7)
  An orc (D:10)
  A plant (D:8)
22 creatures vanquished.

Grand Total: 532 creatures vanquished

Notes
Turn   | Place    | Note
-------+----------+-------------------------------------------
     0 | D:1      | Inarius the Demonspawn Gladiator began the quest for the Orb.
     0 | D:1      | Reached XP level 1. HP: 16/16 MP: 1/1
   153 | D:1      | Gained mutation: You are surrounded by a mild repulsion field. (EV +2) [demonic ancestry]
   153 | D:1      | Reached XP level 2. HP: 20/22 MP: 2/2
   821 | D:1      | Reached XP level 3. HP: 11/27 MP: 3/3
  1302 | D:2      | Reached skill level 1 in Armour
  1311 | D:2      | Reached XP level 4. HP: 17/33 MP: 4/4
  1319 | D:2      | Noticed Sigmund
  1880 | D:2      | Killed Sigmund
  1880 | D:2      | Gained mutation: Your flesh is heat resistant. (rF+) [demonic ancestry]
  1880 | D:2      | Reached XP level 5. HP: 16/40 MP: 5/5
  2287 | D:3      | Found a runed gate.
  2288 | D:3      | Found a runed gate.
  2289 | D:3      | Found a runed gate.
  2323 | D:3      | Noticed Natasha
  2489 | D:3      | Found a blossoming altar of Fedhas.
  2490 | D:3      | Found an ancient bone altar of Kikubaaqudgha.
  2760 | D:3      | Reached XP level 6. HP: 46/46 MP: 6/6
  2953 | D:3      | Noticed Robin
  2968 | D:3      | Killed Robin
  3256 | D:3      | Noticed eyesofgods1's ghost (amateur DsFi)
  3466 | D:4      | Reached skill level 5 in Long Blades
  3604 | D:4      | Found Ijeer's Assorted Antiques.
  3612 | D:4      | Bought a murky silvery potion for 27 gold pieces
  3612 | D:4      | Bought a dark potion for 27 gold pieces
  3612 | D:4      | Bought a scroll labeled XINYARYTOMM for 31 gold pieces
  3612 | D:4      | Bought a scroll labeled FAADEKHL PEAM for 31 gold pieces
  3612 | D:4      | Bought a scroll labeled FAADEKHL PEAM for 31 gold pieces
  3876 | D:5      | Entered Level 5 of the Dungeon
  3978 | D:5      | Found a glowing drain.
  3982 | Sewer    | Entered a sewer
  4107 | Sewer    | Noticed Purgy
  4123 | Sewer    | Killed Purgy
  4123 | Sewer    | Reached skill level 1 in Short Blades
  4123 | Sewer    | Reached XP level 7. HP: 52/52 MP: 7/7
  4450 | D:3      | Found a white marble altar of Elyvilon.
  4450 | D:3      | Found a sparkling altar of Nemelex Xobeh.
  4455 | D:3      | Killed Natasha
  4667 | D:5      | Found a large runed door.
  4667 | D:5      | Found a large runed door.
  4709 | D:5      | Found a shadowy altar of Dithmenos.
  4864 | D:5      | Found a staircase to the Ecumenical Temple.
  4874 | Temple   | Entered the Ecumenical Temple
  4880 | Temple   | Became a worshipper of Hepliaklqana the Forgotten
  4928 | D:5      | Found a large runed door.
  4928 | D:5      | Found a large runed door.
  4983 | D:5      | Reached skill level 1 in Invocations
  5192 | D:5      | Reached XP level 8. HP: 15/54 MP: 9/9
  5736 | D:6      | HP: 2/54 [poisoned by a water moccasin]
  6522 | D:6      | Reached skill level 1 in Stealth
  6952 | D:6      | Found a glowing golden altar of the Shining One.
  6958 | D:6      | Reached * piety under Hepliaklqana
  7305 | D:4      | Bought an ichor-stained leather armour for 217 gold pieces
  7315 | D:4      | Identified the +2 leather armour of the Dwarven Hall {rPois Int+2} (You bought it in a shop on level 4 of the Dungeon)
  8106 | D:3      | Noticed Natasha
  8112 | D:3      | Killed Natasha
  8167 | D:6      | Reached skill level 5 in Armour
  8243 | D:7      | Noticed a hippogriff
  8254 | D:7      | Killed a hippogriff
  8254 | D:7      | Gained mutation: You are surrounded by a moderate repulsion field. (EV +3) [demonic ancestry]
  8254 | D:7      | Reached XP level 9. HP: 37/59 MP: 12/12
  8530 | D:7      | Noticed Pikel
  8538 | D:7      | Killed Pikel
  8538 | D:7      | Reached skill level 5 in Short Blades
  8538 | D:7      | Reached skill level 5 in Invocations
  8585 | D:7      | Reached skill level 5 in Fighting
  8592 | D:7      | Noticed Prince Ribbit
  8608 | D:7      | Killed Prince Ribbit
  8696 | D:7      | Reached skill level 5 in Dodging
  9386 | D:8      | Gained mutation: You are slightly more attuned to the shadows. [demonic ancestry]
  9386 | D:8      | Reached XP level 10. HP: 28/66 MP: 14/14
  9858 | D:8      | Reached ** piety under Hepliaklqana
  9866 | D:8      | Remembered your ancestor Kheti as a hexer
 10052 | D:8      | Noticed a two-headed ogre
 10107 | D:8      | Killed a two-headed ogre
 10107 | D:8      | Reached skill level 1 in Shields
 10780 | D:8      | Reached skill level 1 in Evocations
 11109 | D:8      | Found a basalt altar of Yredelemnul.
 11214 | D:8      | Noticed a two-headed ogre
 11235 | D:8      | Killed a two-headed ogre
 11291 | D:8      | Noticed a two-headed ogre
 11637 | D:7      | Killed a two-headed ogre
 11637 | D:7      | Gained mutation: You have sharp toenails. [demonic ancestry]
 11637 | D:7      | Reached XP level 11. HP: 33/74 MP: 15/17
 12416 | D:8      | Identified A Thorough Guide to Thaumaturgy
 12887 | D:4      | Bought a pair of gloves for 139 gold pieces
 13545 | D:9      | Found Tyrem's Distillery.
 13548 | D:9      | Bought a potion of might for 60 gold pieces
 13632 | D:9      | Bought a potion of curing for 45 gold pieces
 13691 | D:9      | Found a staircase to the Orcish Mines.
 13839 | D:9      | Noticed Erolcha
 13874 | D:9      | Killed Erolcha
 14417 | D:9      | Reached *** piety under Hepliaklqana
 14537 | D:9      | Noticed Joseph
 14551 | D:9      | Killed Joseph
 14570 | D:9      | Found a shadowy altar of Dithmenos.
 14752 | D:9      | Found Piemo's Weapon Shop.
 14793 | D:9      | Found Nyptaxul's General Store.
 14793 | D:9      | Found Essuuve's Armour Shoppe.
 14794 | D:9      | Found Tuif's Distillery.
 14806 | D:9      | Bought a potion of heal wounds for 60 gold pieces
 14821 | D:9      | Found a runed gate.
 14821 | D:9      | Found a runed gate.
 14821 | D:9      | Found a runed gate.
 14821 | D:9      | Noticed a red ugly thing
 14821 | D:9      | Noticed a brown ugly thing
 14821 | D:9      | Noticed a cyan ugly thing
 14821 | D:9      | Noticed a green ugly thing
 15613 | D:3      | Killed eyesofgods1's ghost
 15616 | D:3      | Reached skill level 5 in Shields
 15722 | D:6      | Noticed Natasha
 15728 | D:6      | Killed Natasha
 15807 | D:10     | Entered Level 10 of the Dungeon
 15884 | D:10     | Noticed Josephine
 16376 | D:10     | Noticed a two-headed ogre
 16500 | D:9      | Killed a two-headed ogre
 16824 | D:9      | Gained mutation: You are immune to clouds of flame. [demonic ancestry]
 16824 | D:9      | Reached XP level 12. HP: 75/81 MP: 18/18
 16830 | D:9      | Identified 2 scrolls of acquirement
 16837 | D:9      | Got a warped rapier
 16838 | D:9      | Identified the +3 rapier of Eternal Vigilance {freeze, *Noise rF+ Stlth+} (You acquired it on level 9 of the Dungeon)
 17155 | D:9      | Reached skill level 10 in Short Blades
 17586 | D:10     | Killed Josephine
 18181 | D:10     | Found a staircase to the Lair.
 18631 | D:10     | Found a portal to a secret trove of treasure.
 19391 | D:11     | Reached **** piety under Hepliaklqana
 20157 | D:12     | Got a crystal trident
 20158 | D:12     | Identified the +11 trident "Xud Qied" {elec, rElec MR+ Str-4} (You found it on level 12 of the Dungeon)
 21164 | D:13     | Reached skill level 10 in Invocations
 21169 | D:13     | Noticed a centaur warrior
 21345 | D:12     | Killed a centaur warrior
 21345 | D:12     | Reached XP level 13. HP: 76/90 MP: 20/20
 22276 | D:13     | Found a gate to the Vaults.
 22469 | D:13     | Reached ***** piety under Hepliaklqana
 23598 | Lair:1   | Entered Level 1 of the Lair of Beasts
 23886 | Lair:1   | Found a transporter.
 23929 | Lair:1   | Found a transporter.
 24383 | Lair:2   | Found a labyrinth entrance.
 24402 | Lab      | Entered a labyrinth
 24689 | Lab      | Noticed a minotaur
 24712 | Lab      | Killed a minotaur
 24846 | Lair:2   | Found a dark tunnel.
 24852 | Volcano  | Entered a volcano
 24877 | Volcano  | Got a crude demon blade
 24878 | Volcano  | Identified the +2 demon blade of Zefur {flame, rF++ rC+} (You acquired it in a volcano)
 25087 | Volcano  | Reached skill level 10 in Fighting
 25175 | Volcano  | Found a radiant altar of Vehumet.
 25180 | Volcano  | Noticed a stone giant
 25191 | Volcano  | Hit by a large rock thrown by a stone giant

Skill      XL: |  1  2  3  4  5  6  7  8  9 10 11 12 13 |
---------------+----------------------------------------+-----
Long Blades    | 3 4 5 |  5.1
Dodging        | 3 4 5 |  5.8
Armour         | 1 2 3 4 5 6 7 8 9 |  9.2
Fighting       | 3 4 5 6 7 9 10 | 10.0
Short Blades   | 1 2 4 6 8 9 11 | 11.6
Invocations    | 1 4 6 8 9 10 11 | 11.1
Stealth        | 1 |  1.0
Throwing       | 2 |  2.0
Shields        | 3 5 7 8 |  8.8
Evocations     | 2 |  2.8

Action                   |  1- 3 |  4- 6 |  7- 9 | 10-12 | 13-15 || total
-------------------------+-------+-------+-------+-------+-------++-------
Melee: Long sword        |   100 |    60 |       |       |       ||   160
       Dagger            |       |   140 |    93 |       |       ||   233
       Flail             |       |       |     9 |       |       ||     9
       Rapier            |       |       |   397 |  1134 |   472 ||  2003
       Kick              |       |       |       |   145 |       ||   145
Throw: Throwing net      |       |     1 |     1 |     3 |     1 ||     6
Invok: Recall Ancestor   |       |       |     1 |     3 |       ||     4
       Ancestor Life: He |       |       |       |     1 |       ||     1
Evoke: Wand              |       |       |    10 |    47 |    10 ||    67
  Use: Potion            |       |     2 |     1 |     3 |     3 ||     9
       Scroll            |       |     5 |     4 |     9 |     9 ||    27
 Stab: Distracted        |       |       |     1 |    12 |     5 ||    18
       Held in net/web   |       |       |       |     3 |       ||     3
       Confused          |       |       |       |    14 |     9 ||    23
  Eat: Chunk             |     1 |     9 |    11 |    38 |     9 ||    68
       Ration            |       |       |     2 |     1 |     1 ||     4
Armor: Leather armour    |    17 |       |       |       |       ||    17
       Ring mail         |    16 |       |       |       |       ||    16
       Scale mail        |       |    79 |    74 |       |       ||   153
       Chain mail        |       |       |    48 |   345 |   147 ||   540
       Crystal plate arm |       |       |       |       |     3 ||     3
Dodge: Dodged            |    92 |   150 |   234 |   470 |   187 ||  1133
Block: Shield            |       |       |       |   114 |   251 ||   365
       Rpst.: Long sword |    36 |    12 |       |       |       ||    48
